 Dungeon Crawl Stone Soup version 0.31.0-4-g52a2dc7128 (webtiles) character file.

Game seed: 16123147583264612994

84480 Colgate the Grappler (level 16, -1/123 HPs)
             Began as a Djinni Berserker on Jan 22, 2024.
             Was a High Priest of Trog.
             Slain by a two-headed ogre
             ... wielding a +0 giant spiked club
              (6 damage)
             ... on level 13 of the Dungeon.
             The game lasted 02:09:56 (26812 turns).

Colgate the Grappler (Djinni Berserker)            Turns: 26812, Time: 02:09:57

Health: -1/123     AC: 24    Str: 20    XL:     16   Next: 27%
Gold:   741        EV:  9    Int: 10    God:    Trog [*****.] SH:  7 Dex: 16

rFire   + + .        a - +6 Maxwell's thermic engine {flame, freeze, rev}
rCold   x . .        W - +0 buckler
rNeg    . . .        O - +2 plate armour {Will+}
rPois   ∞            q - +0 helmet
rElec   .            g - +2 cloak {Stlth+}
rCorr   .            G - +2 pair of gloves {Stlth+}
SInv    .            (boots unavailable)
Will    +++..        o - amulet of regeneration Stlth
                     S - ring of willpower
HPRegen 1.20/turn    N - +5 ring of evasion
MPRegen 0.00/turn

%: infuse magic (-2 HP)
@: grasped by roots, flying, constricted
A: sickness immunity, fire resistance 2, cold vulnerability 1, float, innate
caster, HP casting, extra vitality 1
a: Renounce Religion, Berserk, Trog's Hand, Brothers in Arms


You were on level 13 of the Dungeon.
You worshipped Trog.
Trog was extremely pleased with you.
You visited 5 branches of the dungeon, and saw 22 of its levels.
You also visited: Volcano.

You collected 2342 gold pieces.
You spent 1601 gold pieces at shops.

Inventory:

Hand Weapons
 a - the +6 Maxwell's thermic engine (weapon) {flame, freeze, rev}
   (You took it off a rakshasa on level 8 of the Dungeon)
 h - a +0 long sword of distortion
Missiles
 m - 7 javelins (quivered)
 u - 4 datura-tipped darts
 w - 5 throwing nets {!f}
 I - 19 boomerangs
 L - 28 poisoned darts
 T - 4 silver javelins
Armour
 g - a +2 cloak of stealth (worn)
 q - a +0 helmet (worn)
 G - a +2 pair of gloves of stealth (worn)
 M - a +0 kite shield
 O - a +2 plate armour of willpower (worn)
 W - a +0 buckler (worn)
Jewellery
 o - an amulet of regeneration (around neck)
 F - a ring of see invisible
 H - a ring of fire
 N - a +5 ring of evasion (right hand)
 Q - a ring of protection from cold
 S - a ring of willpower (left hand)
Wands
 b - a wand of mindburst (7)
 y - a wand of charming (25)
 z - a wand of flame (56)
 R - a wand of digging (11) {@v3}
 U - a wand of polymorph (4)
 Z - a wand of roots (2) {@v2}
Scrolls
 e - 2 scrolls of revelation
 i - 8 scrolls of teleportation {@r3}
 j - a scroll of fear
 r - 2 scrolls of identify {@r1}
 v - 4 scrolls of blinking {@r4}
 B - 3 scrolls of torment
 C - 6 scrolls of vulnerability
 D - 2 scrolls of noise
 E - a scroll of silence
 K - 4 scrolls of immolation
 P - 4 scrolls of poison
 V - a scroll of butterflies
Potions
 c - 4 potions of mutation
 d - 3 potions of heal wounds {@q2}
 f - 5 potions of ambrosia
 k - 2 potions of resistance {@q5}
 l - 8 potions of curing {@q1}
 n - 4 potions of lignification
 p - 4 potions of might {@q3}
 t - a potion of cancellation
 x - a potion of attraction
 A - 3 potions of enlightenment
 J - 5 potions of haste {@q4}
Miscellaneous
 X - a box of beasts (inert)
 Y - a tin of tremorstones (2/2)


   Skills:
 - Level 14.0 Fighting
 - Level 14.0 Long Blades
 - Level 8.5 Armour
 - Level 2.1 Dodging
 - Level 9.5 Shields
 - Level 14.7 Unarmed Combat
 + Level 2.4 Evocations


You knew the following spells:

 Your Spells              Type           Power      Damage    Failure   Level
a - Slow                  Hex            0%         N/A       100%        1
b - Lesser Beckoning      Tloc           0%         N/A       100%        2
c - Confusing Touch       Hex            0%         N/A       100%        3
d - Vhi's Electric Charg  Tloc/Air       0%         N/A       100%        4
e - Yara's Violent Unrav  Hex/Alch       0%         3d3       100%        5
f - Irradiate             Conj/Alch      0%         3d11      100%        5
g - Sculpt Simulacrum     Ice/Alch       0%         N/A       100%        6
Your spell library was empty.


Dungeon Overview and Level Annotations

Branches:
Dungeon (13/15)            Temple (1/1) D:6            Lair (5/5) D:8
 Shoals (0/4) Lair:3        Snake (0/4) Lair:2        Slime (0/5) Lair:4
    Orc (2/2) D:9             Elf (1/3) Orc:2       Volcano (visited)
 Vaults: D:13-14

Altars:
Ashenzari
Cheibriados
Dithmenos
Elyvilon
Fedhas
Gozag
Hepliaklqana
Makhleb
Nemelex Xobeh
Okawaru
Qazlal
Ru
Trog
Uskayaw
Wu Jian
Xom
Yredelemnul
Zin
The Shining One

Shops:
D:1 [=*   D:8 :   D:10 *   D:13 :   Orc:2 ?(*=   Elf:1 !

Portals:
Abyss: Elf:1
Pandemonium: Orc:2

Annotations:
D:13 Jorgrun
Elf:1 2 transporters, Noisytoot's ghost, adept DsCj


Innate Abilities, Weirdness & Mutations

You are immune to sickness and miasma.
You are immune to poison.
Your flesh is very heat resistant. (rF++)
You are vulnerable to cold. (rC-)
You float through the air rather than walking.
You learn spells naturally, not from books.
Your magical power is your life essence.
You have superior vitality. (+4 MHP)


Message History

You resist with almost no effort.
Throw: 4 darts (datura)
Press: ? - help, Shift-Dir - straight line, f/p - Jorgrun
Aim: Jorgrun, wielding a +0 heavy quarterstaff and wearing a +2 robe of fire resistance (50% to hit, chance to frenzy on hit: 0%)
Okay, then.
Unknown command.
Jorgrun gestures at you while chanting. The iron shot hits you!!!
Jorgrun casts a spell at you. You resist with almost no effort.
Jorgrun points next to you and mumbles some strange words.
Some rock shatters into small pieces.
You slash the two-headed ogre! You burn the two-headed ogre.
You freeze the two-headed ogre. Jorgrun casts a spell at you.
Roots burst forth from the earth!
The grasping roots grab you! The grasping roots constrict you!
The two-headed ogre hits you with a +0 giant spiked club!!
The two-headed ogre hits you but does no damage.
You hit the two-headed ogre. You burn the two-headed ogre.
You freeze the two-headed ogre. The grasping roots constrict you.
You hit the two-headed ogre. You burn the two-headed ogre.
You freeze the two-headed ogre.
The two-headed ogre hits you with a +0 giant spiked club!!
* * * LOW HITPOINT WARNING * * *
The two-headed ogre hits you with a +0 giant club!
* * * LOW HITPOINT WARNING * * *
Jorgrun points at you and mumbles some strange words.
The iron shot misses you. The grasping roots constrict you.
* * * LOW HITPOINT WARNING * * *
You barely miss the two-headed ogre.
You hit the two-headed ogre but do no damage.
You freeze the two-headed ogre.
Jorgrun hits you with a +0 heavy quarterstaff!
* * * LOW HITPOINT WARNING * * *
The grasping roots constrict you.
* * * LOW HITPOINT WARNING * * *
The two-headed ogre hits you with a +0 giant spiked club.
You die...

#......# #.......
#......#####.........# #.......
#......(..##.........####.......
#......##..+..(..... +^..(......
###.########....... ####.......
###.# ..... #....... #...# ##(..
####..## ##.#### ##.gO####
#######.## ...>..# #...@...#
#.....)..# ......# #...[...#
#........# ......# #.......#
#........# ......# #........#
+........#
......#######.......+..#........#
......##...|+.......# .#........'
.........####.......# #........#
...>..#### ####'#### ##+#######
......# #..#


You could see Jorgrun and a two-headed ogre.

Vanquished Creatures
  Kirke (Lair:3)
  An orc warlord (D:9)
  A deep elf demonologist (Elf:1)
  A fire dragon (Lair:5)
  4 hydras
  A rakshasa (D:8)
  A demonspawn (Orc:2)
  A centaur warrior (D:13)
  A dancing weapon (Elf:1)
  6 two-headed ogres
  3 boulder beetles (D:11)
  5 orc high priests (Orc:2)
  Urug (Lair:3)
  A hell knight (Volcano)
  Nergalle (Lair:1)
  A skyshark (Lair:5)
  2 salamander mystics (Volcano)
  A sixfirhy (Orc:2)
  A deep troll (D:11)
  Lodul (D:13)
  Pikel (D:4)
  4 orc knights (Orc:2)
  3 lindwurms (Lair:5)
  11 deep elf pyromancers
  3 deep elf zephyrmancers
  8 orc sorcerers
  6 cyclopes
  A manticore (D:11)
  A salamander (Volcano)
  3 meliai
  3 elephants (Lair:4)
  9 black mambas
  4 kobold blastminers
  7 molten gargoyles
  6 gargoyles (Volcano)
  7 cane toads
  A smoke demon (Orc:2)
  15 komodo dragons
  2 efreet (D:13)
  3 rime drakes
  An ice devil (Orc:2)
  A tengu conjurer (D:13)
  2 merfolk (Lair:3)
  6 trolls
  2 hornets (D:9)
  4 polar bears
  A queen bee (D:13)
  4 dream sheep (Lair:4)
  7 blink frogs
  A shadow (D:11)
  An air elemental (Elf:1)
  4 slime creatures
  3 wraiths (D:11)
  A ynoxinul (Orc:2)
  12 wyverns
  A fire elemental (Elf:1)
  A water elemental (Elf:1)
  5 hogs (Lair:2)
  8 basilisks
  23 yaks
  2 wargs (D:9)
  3 steam dragons
  6 vampire mosquitoes
  A chaos spawn (Orc:2)
  5 nagas (Lair:2)
  An acid dragon (D:11)
  2 hell hounds (Lair:5)
  11 water moccasins
  A sky beast (D:7)
  2 black bears
  32 orc warriors
  An ice beast (D:5)
  19 wolves
  7 ogres
  7 centaurs
  A phantom (D:4)
  A lemure (D:4)
  2 kobold brigands
  A gnoll sergeant (D:11)
  9 bullfrogs
  A scorpion (D:5)
  4 wights (D:7)
  35 killer bees
  5 lava snakes (Lair:5)
  An electric eel (D:9)
  2 hounds
  22 orc priests
  2 jellies
  2 iguanas
  A sleepcap (D:4)
  18 orc wizards
  Robin (D:3)
  10 gnolls
  10 adders
  A white imp (D:8)
  2 ufetubi (D:6)
  A dart slug (D:1)
  67 orcs
  7 ball pythons
  6 endoplasms
  3 giant cockroaches
  16 goblins
  20 hobgoblins
  7 quokkas
  4 bats
  A frilled lizard (D:3)
  14 kobolds
  7 rats
605 creatures vanquished.

Vanquished Creatures (collateral kills)
  Rupert (D:13)
  A skyshark (Lair:3)
  A black mamba (D:8)
  A merfolk (Lair:3)
  A wolf (D:8)
5 creatures vanquished.

Grand Total: 610 creatures vanquished

Notes
Turn   | Place    | Note
-------+----------+-------------------------------------------
     0 | D:1      | Colgate the Djinni Berserker began the quest for the Orb.
     0 | D:1      | Reached XP level 1. HP: 20/20 MP: 0/0
   161 | D:1      | Reached XP level 2. HP: 25/25 MP: 0/0
   397 | D:1      | Reached XP level 3. HP: 30/30 MP: 0/0
   397 | D:1      | Learned a level 1 spell: Slow
   436 | D:1      | Reached ** piety under Trog
   624 | D:1      | Found Caz Feig's Assorted Antiques.
   790 | D:1      | Found Fuschur's Jewellery Shoppe.
   812 | D:1      | Found Kizufroq's Antique Armour Boutique.
   896 | D:1      | Bought a scroll labelled RUSOOC IPANGUTS for 28 gold pieces
  1033 | D:2      | Reached XP level 4. HP: 31/35 MP: 0/0
  1230 | D:2      | Reached skill level 5 in Unarmed Combat
  1465 | D:2      | Reached XP level 5. HP: 28/40 MP: 0/0
  1465 | D:2      | Learned a level 2 spell: Lesser Beckoning
  1955 | D:1      | Bought a fizzy orange potion for 25 gold pieces
  1955 | D:1      | Bought a sedimented dark potion for 25 gold pieces
  1959 | D:1      | Bought a scroll labelled WEC ODGHOENO for 28 gold pieces
  2197 | D:3      | Noticed Robin
  2687 | D:3      | Killed Robin
  2687 | D:3      | Reached *** piety under Trog
  2788 | D:1      | Bought a scroll labelled GERIESHR ZILACE for 28 gold pieces
  2881 | D:4      | Found a burning altar of Makhleb.
  2910 | D:3      | Reached XP level 6. HP: 46/46 MP: 0/0
  3084 | D:4      | Found a shimmering altar of Xom.
  3084 | D:4      | Noticed an angel
  3088 | D:4      | Found a glowing silver altar of Zin.
  3321 | D:4      | Noticed Pikel
  3356 | D:4      | Killed Pikel
  3357 | D:4      | Reached XP level 7. HP: 50/50 MP: 0/0
  3357 | D:4      | Learned a level 3 spell: Confusing Touch
  3357 | D:4      | Reached XP level 8. HP: 56/56 MP: 0/0
  3609 | D:5      | Entered Level 5 of the Dungeon
  3678 | D:5      | Found a broken altar of Ashenzari.
  3756 | D:5      | Reached skill level 10 in Unarmed Combat
  4122 | D:5      | Reached **** piety under Trog
  4202 | D:5      | Found a bloodstained altar of Trog.
  4408 | D:6      | Reached XP level 9. HP: 60/60 MP: 0/0
  4408 | D:6      | Learned a level 4 spell: Vhi's Electric Charge
  4463 | D:6      | Found a basalt altar of Yredelemnul.
  5414 | D:6      | Found a staircase to the Ecumenical Temple.
  5420 | Temple   | Entered the Ecumenical Temple
  5493 | D:7      | Reached skill level 5 in Fighting
  5559 | D:7      | Found a stormy altar of Qazlal.
  5664 | D:7      | Noticed a two-headed ogre
  5850 | D:7      | Killed a two-headed ogre
  5910 | D:7      | Reached XP level 10. HP: 49/72 MP: 0/0
  6547 | D:1      | Bought a pair of runed gloves for 217 gold pieces
  6708 | D:8      | Found a staircase to the Lair.
  6861 | D:8      | Noticed a deep elf pyromancer
  6872 | D:8      | Killed a deep elf pyromancer
  6875 | D:8      | Noticed a deep elf pyromancer
  6892 | D:8      | Killed a deep elf pyromancer
  7028 | D:8      | Reached XP level 11. HP: 69/78 MP: 0/0
  7028 | D:8      | Learned a level 5 spell: Yara's Violent Unravelling
  7081 | D:8      | Reached ***** piety under Trog
  7136 | D:8      | Found a blossoming altar of Fedhas.
  7262 | D:8      | Noticed a rakshasa
  7367 | D:8      | Killed a rakshasa
  7542 | D:8      | Found Ryhuscho's Book Emporium.
  7643 | D:8      | Reached skill level 1 in Long Blades
  7660 | D:8      | Noticed a centaur warrior
  8365 | D:9      | Found a staircase to the Orcish Mines.
  8574 | D:9      | Found a snail-covered altar of Cheibriados.
  9060 | D:9      | Reached skill level 5 in Long Blades
  9172 | D:10     | Entered Level 10 of the Dungeon
  9306 | D:10     | Noticed a two-headed ogre
  9386 | D:9      | Killed a two-headed ogre
  9644 | D:10     | Found Duej's Fire Supplies.
  9836 | D:10     | Noticed a two-headed ogre
  9846 | D:10     | Killed a two-headed ogre
  9942 | D:11     | Noticed a cyclops
 10288 | D:11     | Found a runed translucent door.
 10288 | D:11     | Noticed a two-headed ogre
 10319 | D:11     | Killed a two-headed ogre
 10320 | D:11     | Reached XP level 12. HP: 67/84 MP: 0/0
 11022 | D:1      | Bought a runed cabochon ring for 140 gold pieces
 11100 | Lair:1   | Entered Level 1 of the Lair of Beasts
 11363 | D:8      | Found a blossoming altar of Fedhas.
 11428 | D:8      | Received a gift from Trog
 11647 | D:1      | Bought an embroidered hat for 203 gold pieces
 11833 | Lair:1   | Reached skill level 10 in Long Blades
 11846 | Lair:1   | Noticed Nergalle
 11859 | Lair:1   | Killed Nergalle
 12815 | D:10     | Bought a scroll of immolation for 56 gold pieces
 13602 | Lair:2   | Reached XP level 13. HP: 88/88 MP: 0/0
 13602 | Lair:2   | Learned a level 5 spell: Irradiate
 13683 | Lair:2   | Noticed a four-headed hydra
 13808 | Lair:2   | Killed a one-headed hydra
 13992 | Lair:2   | Found a staircase to the Snake Pit.
 14164 | Lair:2   | Found a staircase to the Snake Pit.
 14932 | Lair:3   | Noticed a seven-headed hydra
 14947 | Lair:3   | Killed a four-headed hydra
 15296 | Lair:3   | Noticed Kirke
 15355 | Lair:3   | Killed Kirke
 15510 | Lair:3   | Noticed Urug
 15828 | Lair:3   | Found a staircase to the Shoals.
 16059 | Lair:3   | Killed Urug
 16200 | Lair:4   | Found a staircase to the Slime Pits.
 16226 | Lair:4   | Received a gift from Trog
 16902 | Lair:4   | Reached XP level 14. HP: 101/101 MP: 0/0
 17412 | Lair:5   | Entered Level 5 of the Lair of Beasts
 17619 | Lair:5   | Found a dark tunnel.
 17626 | Lair:5   | Reached skill level 5 in Armour
 17643 | Volcano  | Entered a volcano
 17660 | Volcano  | Reached skill level 1 in Shields
 17991 | Volcano  | Reached skill level 10 in Fighting
 18002 | Volcano  | Noticed an orb of fire
 18056 | Volcano  | Noticed an orb of fire
 19124 | Lair:5   | Found a large runed translucent door.
 19124 | Lair:5   | Found a large runed translucent door.
 19897 | D:11     | Received a gift from Trog
 19927 | D:11     | Reached XP level 15. HP: 88/112 MP: 0/0
 19927 | D:11     | Learned a level 6 spell: Sculpt Simulacrum
 20613 | D:12     | Found an iron altar of Okawaru.
 20899 | Orc:1    | Entered Level 1 of the Orcish Mines
 20901 | Orc:1    | Noticed an orc warlord
 21044 | D:9      | Killed an orc warlord
 21454 | D:9      | Received a gift from Trog
 22013 | D:1      | Bought a runed plate armour for 754 gold pieces
 22380 | Orc:2    | Entered Level 2 of the Orcish Mines
 22637 | Orc:2    | Found a staircase to the Elven Halls.
 22841 | Orc:2    | Found Evvu Wao's Magic Scroll Emporium.
 22865 | Orc:2    | Found Jujemu's General Store.
 23827 | Orc:2    | Reached skill level 5 in Shields
 24120 | Orc:2    | Received a gift from Trog
 24370 | Orc:2    | Found Moongeal's Jewellery Boutique.
 24370 | Orc:2    | Found Faodi's Antique Weapon Shop.
 24371 | Orc:2    | Found a one-way gate leading to the halls of Pandemonium.
 24700 | Orc:2    | Bought a scroll of enchant armour for 97 gold pieces
 24784 | Elf:1    | Entered Level 1 of the Elven Halls
 24855 | Elf:1    | Noticed a deep elf blademaster
 24906 | Elf:1    | Found a transporter.
 24951 | Elf:1    | Found a one-way gate to the infinite horrors of the Abyss.
 24951 | Elf:1    | Noticed Noisytoot's ghost (adept DsCj)
 24963 | Elf:1    | Found a transporter.
 25002 | Elf:1    | Found Otzyemp's Distillery.
 25151 | Elf:1    | Paralysed by an air elemental for 1 turns
 25155 | Elf:1    | Paralysed by an air elemental for 1 turns
 25311 | Elf:1    | Reached XP level 16. HP: 123/123 MP: 0/0
 25724 | Elf:1    | Noticed a daeva
 26057 | D:13     | Reached ****** piety under Trog
 26376 | D:13     | Noticed Lodul
 26391 | D:13     | Killed Lodul
 26401 | D:13     | Received a gift from Trog
 26425 | D:13     | Found Pupor's Book Boutique.
 26489 | D:13     | Noticed Rupert
 26496 | D:13     | Killed Rupert
 26634 | D:13     | Reached skill level 1 in Evocations
 26800 | D:13     | Noticed Jorgrun
 26812 | D:13     | HP: 5/123 [constriction (2)]
 26812 | D:13     | Slain by a two-headed ogre

Illustrated notes

Levels and vault maps discovered:
D:1:      minmay_arrival_five_plusses, layout_basic, serial_shops,
          nicolae_shop_behind_doors, shop, nicolae_shop_tiny_real_fake_doors,
          kennysheep_doodads
D:2:      layout_loops_ring, basic_altar, minmay_tetromino_o2
D:3:      layout_basic, uniq_robin
D:4:      layout_loops_ring, grunt_temple_overflow_order_and_chaos_1,
          mainiacjoe_overflow_tiny_flanked, uniq_pikel
D:5:      layout_gridville, vehumet_altar_wand_db, trog_hazing_becter,
          ashenzari_altar_1
D:6:      layout_layer_cave, mainiacjoe_overflow_alcove_1,
          minmay_temple_entry_enclosed_plants, minmay_misc_feat_columns
D:7:      layout_rooms, lemuel_doored_altar, serial_co_window_serial,
          co_window_of_opportunity_a, co_window_of_opportunity_a,
          co_window_corner_a, co_window_of_opportunity_a, co_window_paths_b,
          co_window_of_opportunity_c, co_window_unsneaky_path_e,
          co_window_2corner, co_window_corner_b, co_window_broadway_a,
          co_window_2corner, co_window_of_opportunity_b, co_window_paths_d,
          glass_columns_a, glass_columns_a, glass_columns_a
D:8:      minmay_blocky_corners, layout_loops_ring, fedhas_ov_isle_minmay,
          minmay_lair_entry_grove, serial_shops, nicolae_book_shop_shelving,
          lightli_corner_chamber
D:9:      layout_gridville, mainiacjoe_overflow_alcove_4,
          minmay_orc_entry_guard_dogs, kennysheep_opposing_triangles
D:10:     layout_loops_ring, minivault_21, nicolae_shop_fire_sale
          [nicolae_sub_dead_trees]
D:11:     layout_basic, lightli_airlock
D:12:     layout_rooms, okawaru_ov_weapons_minmay
D:13:     layout_roguey [special_room_bee], serial_shops,
          nicolae_shop_waterfront, uniq_rupert, uniq_jorgrun, uniq_lodul
Temple:   nicolae_temple_x_marks_the_god
Lair:1:   layout_regular_city, grunt_forest_large_clearings,
          serial_bayou_shore_b, uniq_nergalle
Lair:2:   layout_gridlike, minmay_snake_entry_guardpost_medium,
          infiniplex_staircase_pool_2
Lair:3:   layout_cave_shapes, mainiacjoe_shoals_entry_four_pools, minivault_11,
          grunt_megastairs_3, uniq_kirke, uniq_urug
Lair:4:   layout_regular_city, slime_entry_1
Lair:5:   cheibrodos_lair_end_hotspot, layout_regular_city,
          nicolae_volcano_entry_vermiform, hangedman_lair_unloving_vines,
          chequers_serial_rivers_micro_c
Orc:1:    layout_caves, basic_altar
Orc:2:    pf_orc_diabolical, layout_caves
Elf:1:    minmay_elf_arrival_plus, layout_geoelf_diagonals,
          gammafunk_ghost_abyssal_escape, serial_shops, shop_statue,
          minmay_elf_demonology

Skill      XL: |  1  2  3  4  5  6  7  8  9 10 11 12 13 14 15 16 |
---------------+-------------------------------------------------+-----
Unarmed Combat | 4 5 6 9 11 12 14 | 14.7
Fighting       | 6 9 12 14 | 14.0
Armour         | 4 7 8 |  8.5
Long Blades    | 7 11 14 | 14.0
Shields        | 3 7 9 |  9.5
Evocations     | 2 |  2.4
Dodging        | |  2.1

Action                     |  1- 3 |  4- 6 |  7- 9 | 10-12 | 13-15 | 16-18 || total
---------------------------+-------+-------+-------+-------+-------+-------++-------
  Melee: Unarmed           |    88 |   203 |   207 |   415 |       |       ||   913
         Punch             |     3 |     5 |     8 |    45 |    28 |       ||    89
         Double sword      |       |       |       |   134 |  1107 |   154 ||  1395
  Throw: Dart              |       |     5 |       |       |     5 |     2 ||    12
         Javelin           |       |     2 |       |       |     4 |       ||     6
 Invoke: Berserk           |       |     1 |       |     1 |       |       ||     2
         Brothers in Arms  |       |       |       |     1 |     1 |     2 ||     4
  Evoke: Wand              |       |       |       |     2 |       |       ||     2
         Box of beasts     |       |       |       |       |       |     1 ||     1
    Use: Scroll            |     2 |     7 |     6 |     9 |    10 |       ||    34
         Potion            |       |       |       |     1 |     4 |       ||     5
 Armour: Animal skin       |    24 |       |       |       |       |       ||    24
         Chain mail        |     9 |   118 |   176 |   113 |       |       ||   416
         Plate armour      |       |       |       |   521 |  1036 |   105 ||  1662
  Dodge: Dodged            |    49 |    75 |    80 |   202 |   319 |    67 ||   792
  Block: Buckler           |       |       |       |       |   151 |    40 ||   191
